[Event "Kvibergspelen 2022"]
[Site "Kviberg Park Hotel & Conference, Krutvagen 2, Gothenburg, Sweden"]
[Date "2022.10.01"]
[Round "5.13"]
[White "Kashwan, Hassan"]
[Black "Bohman Karlholm, Adrian"]
[Result "0-1"]
[TimeControl "15 minutes + 5 seconds per move from move one (Round 1 - 4) / 90 minutes + 30 seconds per move from move one (Round 5 - 8)"]
[WhiteFideId "137122555"]
[BlackFideId "1720643"]
[WhiteElo "1902"]
[BlackElo "2117"]

1. d4 Nf6 2. c4 e6 3. Nf3 d5 4. Nc3 c5 5. cxd5 exd5 6. Bg5 Be7 7. dxc5 O-O 8. e3 Be6 9. Rc1 Qa5 10.
Bd3 Nbd7 11. O-O Nxc5 12. Bb1 Rfd8 13. Qc2 g6 14. Nd4 Rac8 15. a3 Nce4 16. Nxe6 fxe6 17. Bh4 Nxc3 18. bxc3 Qxa3 19.
Rfd1 Ne4 20. Bxe7 Qxe7 21. Qb3 Rc4 22. Bd3 Nc5 23. Qa3 Ra4 24. Qb2 Nxd3 25. Rxd3 Rc8 26. Qb5 Rac4 27. g3 R8c5 28.
Qb2 Qc7 29. h4 b5 30. h5 b4 31. hxg6 hxg6 32. Qb1 Kg7 33. Rcd1 bxc3 34. Qc2 Rb5 35. Rc1 Rb2 36. Qd1 c2 37.
Qd2 Rb1 38. Kg2 Rxc1 39. Qxc1 Qb7 40. Ra3 a6 41. Ra1 d4+ 42. f3 Rc3 43. Qd2 e5 44. e4 Qf7 45. f4 Qb7 46. Re1 Qb1 47. Rc1 Qb3 48. Qf2 Rxg3+ 49. Kh2 Rh3+ 50. Kg2 Qg3+ 51. Qxg3 Rxg3+ 52. Kf2 Rc3 53. fxe5 Kf7 54. Ke2 Ke6 55. Kd2 Kxe5 56. Ke2 a5 57.
Kd2 a4 58. Ke2 a3 0-1

[Event "Kvibergspelen 2022"]
[Site "Kviberg Park Hotel & Conference, Krutvagen 2, Gothenburg, Sweden"]
[Date "2022.10.01"]
[Round "5.14"]
[White "Hauksson, Hordur Aron"]
[Black "Borvander, Tom"]
[Result "1-0"]
[TimeControl "15 minutes + 5 seconds per move from move one (Round 1 - 4) / 90 minutes + 30 seconds per move from move one (Round 5 - 8)"]
[WhiteFideId "2303680"]
[BlackFideId "1707388"]
[WhiteElo "1882"]
[BlackElo "2098"]

1. d4 Nf6 2. c4 g6 3. Nc3 Bg7 4. e4 d6 5. f3 O-O 6. Nge2 c5 7. d5 e6 8. Ng3 exd5 9. cxd5 Nh5 10.
Nxh5 gxh5 11. Be3 f5 12. Qd2 Qf6 13. O-O-O f4 14. Bf2 a6 15. Be2 Nd7 16. g3 Bh6 17. Rdg1 Kh8 18. Kb1 Ne5 19.
gxf4 Bxf4 20. Be3 Ng6 21. Bxf4 Nxf4 22. Bd1 Bh3 23. Ne2 h4 24. Nxf4 Qxf4 25. Qxf4 Rxf4 26. Rg5 Rg8 27. Rhg1 Rxg5 28.
Rxg5 b5 29. Kc1 Rf6 30. Rh5 Bg2 31. Rxh4 Rg6 32. Be2 Kg7 33. Kd2 h6 34. Ke3 Bh1 35. Rh3 Bg2 36. Rg3 Rxg3 37. hxg3 Bh3 38.
g4 Kg6 39. Kf4 h5 40. Kg3 1-0

[Event "Kvibergspelen 2022"]
[Site "Kviberg Park Hotel & Conference, Krutvagen 2, Gothenburg, Sweden"]
[Date "2022.10.01"]
[Round "5.15"]
[White "Briem, Stephan"]
[Black "Nilsson, Oliver"]
[Result "1-0"]
[TimeControl "15 minutes + 5 seconds per move from move one (Round 1 - 4) / 90 minutes + 30 seconds per move from move one (Round 5 - 8)"]
[WhiteFideId "2312506"]
[BlackFideId "1730177"]
[WhiteElo "2083"]
[BlackElo "1909"]

1. d4 d5 2. c4 e6 3. Nf3 a6 4. e3 Nf6 5. a3 Nbd7 6. Nbd2 b6 7. b4 a5 8. b5 Bb7 9. Bb2 Bd6 10.
Ne5 O-O 11. Qc2 Re8 12. Nc6 Bxc6 13. bxc6 Nf8 14. Be2 e5 15. c5 exd4 16. cxd6 dxe3 17. fxe3 Qxd6 18. O-O Rxe3 19. Bf3 Rae8 20.
Nb3 Ng6 21. Nd4 Nh4 22. Nf5 Nxf5 23. Qxf5 Qc5 24. Kh1 d4 25. Qf4 Rd3 26. Rfd1 Rxd1+ 27. Rxd1 d3 28. Qd4 Qc2 29. h3 h6 30.
Rxd3 Re1+ 31. Kh2 Rb1 32. Qd8+ Kh7 33. Bxf6 gxf6 34. Be4+ 1-0

[Event "Kvibergspelen 2022"]
[Site "Kviberg Park Hotel & Conference, Krutvagen 2, Gothenburg, Sweden"]
[Date "2022.10.01"]
[Round "5.16"]
[White "Tabaa, Ghayth"]
[Black "Kjartansson, Matthias Bjorgvin"]
[Result "1-0"]
[TimeControl "15 minutes + 5 seconds per move from move one (Round 1 - 4) / 90 minutes + 30 seconds per move from move one (Round 5 - 8)"]
[WhiteFideId "7603819"]
[BlackFideId "2319225"]
[WhiteElo "2066"]
[BlackElo "1494"]

1. e4 c5 2. Nf3 d6 3. g3 Nc6 4. Bg2 Nf6 5. d3 g6 6. O-O Bg7 7. Re1 O-O 8. c3 Nd7 9. Be3 Nb6 10.
a4 a5 11. Na3 Bd7 12. Rc1 Rc8 13. b3 f5 14. Nb5 fxe4 15. dxe4 Qe8 16. e5 Bxe5 17. Nxe5 Nxe5 18. Bf4 Qf7 19.
Nxd6 exd6 20. Qxd6 Nc6 21. Qxc5 Qxb3 22. Rb1 Qxa4 23. Rxb6 Rf5 24. Bd5+ Kg7 25. Re7+ Kh8 26. Rxd7 Qd1+ 27.
Kg2 Re8 28. Rbxb7 Re7 29. Rxe7 Nxe7 30. Rb8+ 1-0

[Event "Kvibergspelen 2022"]
[Site "Kviberg Park Hotel & Conference, Krutvagen 2, Gothenburg, Sweden"]
[Date "2022.10.01"]
[Round "5.18"]
[White "Ottgard, Andreas"]
[Black "Lindahl, Jonas"]
[Result "0-1"]
[TimeControl "15 minutes + 5 seconds per move from move one (Round 1 - 4) / 90 minutes + 30 seconds per move from move one (Round 5 - 8)"]
[WhiteFideId "1730592"]
[BlackFideId "1710060"]
[WhiteElo "1880"]
[BlackElo "2165"]

1. c4 g6 2. g3 Bg7 3. Bg2 e5 4. Nc3 Ne7 5. Nf3 O-O 6. O-O d5 7. cxd5 Nxd5 8. d3 Nxc3 9. bxc3 e4 10. dxe4 Bxc3 11. Rb1 Qxd1 12.
Rxd1 Nc6 13. Bf4 Ba5 14. Ne5 Nxe5 15. Bxe5 Bb6 16. Rd2 f6 17. Bc3 Be6 18. e3 Rab8 19. e5 f5 20. a4 a5 21. Rb5 Rfd8 22. Rxd8+ Rxd8 23.
Bxb7 Rd1+ 24. Kg2 Bc4 25. Rb2 Rd3 26. Bd4 Bxd4 27. exd4 Rxd4 28. f4 Be6 29. Rc2 Rb4 30. Rxc7 Rxb7 0-1

[Event "Kvibergspelen 2022"]
[Site "Kviberg Park Hotel & Conference, Krutvagen 2, Gothenburg, Sweden"]
[Date "2022.10.01"]
[Round "5.19"]
[White "Nackholm, Erik"]
[Black "Ulff, Johan"]
[Result "0-1"]
[TimeControl "15 minutes + 5 seconds per move from move one (Round 1 - 4) / 90 minutes + 30 seconds per move from move one (Round 5 - 8)"]
[WhiteFideId "1721593"]
[BlackFideId "1733893"]
[WhiteElo "1861"]
[BlackElo "2132"]

1. e4 Nc6 2. Nf3 d6 3. d4 g6 4. h3 Bg7 5. c3 Nf6 6. Bd3 e5 7. d5 Ne7 8. c4 O-O 9. Nc3 Nd7 10.
Be3 f5 11. Ng5 Nc5 12. b4 Nxd3+ 13. Qxd3 f4 14. Bd2 h6 15. Nf3 c6 16. O-O-O cxd5 17. cxd5 Bd7 18. Be1 Qb6 19. Qb1 Rfc8 20.
Kd2 Rc4 21. a3 Rac8 22. Rc1 a5 23. b5 Bxb5 24. a4 Rb4 25. Nxb5 Rxb1 26. Rxb1 Qc5 27. Ke2 Qc4+ 0-1

[Event "Kvibergspelen 2022"]
[Site "Kviberg Park Hotel & Conference, Krutvagen 2, Gothenburg, Sweden"]
[Date "2022.10.01"]
[Round "6.1"]
[White "Abdrlauf, Elham"]
[Black "Hillarp, Tiger"]
[Result "0-1"]
[TimeControl "15 minutes + 5 seconds per move from move one (Round 1 - 4) / 90 minutes + 30 seconds per move from move one (Round 5 - 8)"]
[WhiteTitle "IM"]
[BlackTitle "GM"]
[WhiteFideId "1533533"]
[BlackFideId "1700812"]
[WhiteElo "2487"]
[BlackElo "2511"]

1. e4 c6 2. d4 d5 3. Nc3 dxe4 4. Nxe4 Bf5 5. Ng3 Bg6 6. h4 h6 7. Nf3 Nd7 8. h5 Bh7 9. Bd3 Bxd3 10.
Qxd3 e6 11. Bd2 Ngf6 12. O-O-O Be7 13. Qe2 O-O 14. Nf1 Nb6 15. Kb1 Qd5 16. Ne3 Qe4 17. Bc1 Rad8 18. Rh4 Qh7 19. g4 Ne4 20.
Rhh1 c5 21. Rhe1 cxd4 22. Ng2 Nc5 23. Nxd4 Bf6 24. Nb3 Nca4 25. Nf4 Rc8 26. Qe4 Qxe4 27. Rxe4 Nc4 28. Nd3 Na3+ 29. Ka1 Nxc2+ 30. Kb1 Na3+ 31. Ka1 Nc4 32.
Nd2 Ncb6 33. Ree1 Rfd8 34. Ne4 Bd4 35. a3 Nd5 36. Bd2 Nf6 37. Nxf6+ Bxf6 38. Bc1 Rxc1+ 39. Rxc1 Rxd3 40. Rc8+ Kh7 41.
Re3 Bxb2+ 42. Ka2 Rxe3 43. fxe3 Be5 44. Kb3 Nb6 45. Rf8 Nd5 46. Rxf7 Nxe3 47. Re7 Bf6 48. Rxe6 Nxg4 49. a4 Bg5 50.
Re1 Nf6 51. Rh1 Kg8 52. Kc4 Kf7 53. Rb1 b6 54. Rh1 a5 55. Rh3 Ke6 56. Kb5 Nd5 57. Kc6 Be3 58. Rg3 Ne7+ 59. Kb5 Nf5 60.
Rg4 Bc5 61. Kc6 Ne7+ 62. Kb5 Kf6 63. Kc4 Ng8 64. Rf4+ Ke6 65. Re4+ Kf7 66. Kb5 Nf6 67. Re5 Bd4 68. Rf5 Ke6 69.
Rf4 Bc5 70. Rh4 Kf5 71. Rh2 Kg5 72. Rg2 Ng4 73. Rc2 Kxh5 74. Rxc5 bxc5 75. Kxa5 c4 76. Kb4 Ne5 0-1

[Event "Kvibergspelen 2022"]
[Site "Kviberg Park Hotel & Conference, Krutvagen 2, Gothenburg, Sweden"]
[Date "2022.10.01"]
[Round "6.2"]
[White "Hamark, Jesper"]
[Black "Stefansson, Vignir Vatnar"]
[Result "1/2-1/2"]
[TimeControl "15 minutes + 5 seconds per move from move one (Round 1 - 4) / 90 minutes + 30 seconds per move from move one (Round 5 - 8)"]
[BlackTitle "IM"]
[WhiteFideId "1704338"]
[BlackFideId "2308649"]
[WhiteElo "2348"]
[BlackElo "2452"]

1. e4 e6 2. d4 d5 3. e5 c5 4. c3 Qb6 5. Nf3 Bd7 6. Bd3 cxd4 7. O-O Bb5 8. Bxb5+ Qxb5 9. cxd4 Nc6 10.
Nc3 Qb6 11. Na4 Qc7 12. Qd3 a6 13. Bd2 b5 14. Nc3 Nge7 15. Rfc1 Qb7 16. Ne2 Ng6 17. Rc2 Be7 18. Rac1 Rc8 19.
g3 h6 20. Kg2 Kd7 21. Qe3 Rhd8 22. Nf4 Nxf4+ 23. Qxf4 Ke8 24. h4 Na7 25. Ba5 Rxc2 26. Rxc2 Rc8 27. Qc1 Rc4 28. Bd2 Qc6 29. Ne1 b4 30. b3 Rxc2 31.
Qxc2 a5 32. h5 Qxc2 33. Nxc2 f6 34. exf6 Bxf6 35. Kf3 Nb5 36. Ke3 Kd7 37. Kd3 Kc6 38. g4 Be7 39. f3 Na7 40. Bf4 Bf6 41.
a4 bxa3 42. Nxa3 Kd7 43. Bd2 Be7 44. Nc2 Nc6 45. f4 Bd6 46. Ke3 Bc7 47. Kf3 Bb6 48. Bc3 Ke7 49. Ke2 Kf7 50. Kd3 g6 51.
hxg6+ Kxg6 52. Ne3 Ne7 53. Be1 Kf7 54. Bh4 Ng6 55. Bg3 Bc7 56. Ng2 Ne7 57. Bh4 Nc6 58. Be1 Bb6 59. Bc3 Ne7 60.
Be1 Nc8 61. Nh4 Bc7 62. Ke4 1/2-1/2

[Event "Kvibergspelen 2022"]
[Site "Kviberg Park Hotel & Conference, Krutvagen 2, Gothenburg, Sweden"]
[Date "2022.10.01"]
[Round "6.3"]
[White "Mitusov, Semen"]
[Black "Golubka, Petro"]
[Result "1/2-1/2"]
[TimeControl "15 minutes + 5 seconds per move from move one (Round 1 - 4) / 90 minutes + 30 seconds per move from move one (Round 5 - 8)"]
[WhiteTitle "FM"]
[BlackTitle "GM"]
[WhiteFideId "14151049"]
[BlackFideId "14114224"]
[WhiteElo "2418"]
[BlackElo "2360"]

1. e4 g6 2. d4 Bg7 3. Nc3 d6 4. Be3 a6 5. h4 h6 6. h5 g5 7. Qd2 Nf6 8. f3 b5 9. O-O-O Bb7 10.
Qe1 Nbd7 11. e5 Nd5 12. Nxd5 Bxd5 13. f4 gxf4 14.
Bxf4 Nf8 15. Ne2 Ne6 16. Bg3 Qd7 17. Nc3 Bb7 1/2-1/2

[Event "Kvibergspelen 2022"]
[Site "Kviberg Park Hotel & Conference, Krutvagen 2, Gothenburg, Sweden"]
[Date "2022.10.01"]
[Round "6.4"]
[White "Agdestein, Simen"]
[Black "Briem, Stephan"]
[Result "1-0"]
[TimeControl "15 minutes + 5 seconds per move from move one (Round 1 - 4) / 90 minutes + 30 seconds per move from move one (Round 5 - 8)"]
[WhiteTitle "GM"]
[WhiteFideId "1500015"]
[BlackFideId "2312506"]
[WhiteElo "2576"]
[BlackElo "2083"]

1. c4 e5 2. Nc3 Nc6 3. Nf3 f5 4. d4 e4 5. Nd2 Nf6 6. e3 Be7 7. a3 a5 8. Qa4 O-O 9. b4 Qe8 10.
b5 Nd8 11. c5 d5 12. cxd6 Bxd6 13. b6 c6 14. Nc4 Bb8 15. Bd2 Be6 16. Qc2 Bf7 17. Na4 f4 18. exf4 Ne6 19. Qb2 Nxf4 20.
Ne5 N6d5 21. O-O-O Qe7 22. Re1 Bd6 23. Nc4 Bg6 24. f3 e3 25. Bxe3 Nxe3 26. Rxe3 Qg5 27. h4 Qh6 28. Kd1 Rad8 29.
g4 Nd5 30. Re6 Qf4 31. Be2 Rfe8 32. Rxe8+ Rxe8 33. Qd2 Qg3 34. Nxd6 Qxd6 35. Nc5 Re3 36. Kc1 Qe7 37. Bc4 Rxa3 38.
Kb2 Re3 39. Ra1 Bf7 40. Qxa5 Re2+ 41. Ka3 Qe3+ 42. Nb3 Qe7+ 43.
Qc5 Re3 44. Kb2 g6 45. Qxe7 Rxe7 46. Bxd5 Bxd5 47. Nc5 Bxf3 48. Ra8+ Kf7 49. Rh8 Re2+ 50. Kc3 Bxg4 51. Rxh7+ Kf6 52.
Rxb7 Re3+ 53. Kd2 Re2+ 54. Kd3 Rb2 55. Rb8 1-0

[Event "Kvibergspelen 2022"]
[Site "Kviberg Park Hotel & Conference, Krutvagen 2, Gothenburg, Sweden"]
[Date "2022.10.01"]
[Round "6.5"]
[White "Tabaa, Ghayth"]
[Black "Kucuksari, Kaan"]
[Result "0-1"]
[TimeControl "15 minutes + 5 seconds per move from move one (Round 1 - 4) / 90 minutes + 30 seconds per move from move one (Round 5 - 8)"]
[BlackTitle "FM"]
[WhiteFideId "7603819"]
[BlackFideId "6380166"]
[WhiteElo "2066"]
[BlackElo "2482"]

1. e4 c5 2. Nf3 e6 3. d3 Nc6 4. g3 d6 5. Bg2 g6 6. O-O Bg7 7. c3 e5 8. a3 Nf6 9. b4 O-O 10.
Re1 a6 11. h3 b5 12. Be3 Nd7 13. Nbd2 a5 14. a4 axb4 15. axb5 Rxa1 16. Qxa1 bxc3 17. bxc6 cxd2 18. Bxd2 Nb8 19.
Ba5 Qe7 20. c7 Na6 21. Bb6 Qd7 22. Qa5 Bb7 23. h4 Ra8 24. Qc3 Nxc7 25. Ra1 Rxa1+ 26. Qxa1 Na6 27. Ng5 h6 28. Nf3 Qb5 29.
Bd8 Nb4 30. h5 Qxd3 31. hxg6 fxg6 32. Ne1 Qd2 33. Bh3 Bxe4 34. Ba5 Kh7 35. Ng2 Qa2 36. Qxa2 Nxa2 37. Ne3 Nb4 38. Be6 h5 39. g4 hxg4 40.
Nxg4 d5 41. Bc7 Nd3 42. Ne3 Nf4 43. Bf7 c4 44. Nxc4 dxc4 45. Bxc4 Kh6 46. Kh2 Kh5 47. Kg3 Bf6 48. Bb3 Bh4+ 49. Kh2 Nd3 50. Bd1+ Kh6 51. f3 Bd5 52. Bc2 Ne1 53.
Bd1 Bxf3 54. Bxf3 Nxf3+ 55. Kh3 Kh5 56. Kg2 Kg4 0-1

[Event "Kvibergspelen 2022"]
[Site "Kviberg Park Hotel & Conference, Krutvagen 2, Gothenburg, Sweden"]
[Date "2022.10.01"]
[Round "6.6"]
[White "Hector, Jonny"]
[Black "Dingertz, Erik"]
[Result "1-0"]
[TimeControl "15 minutes + 5 seconds per move from move one (Round 1 - 4) / 90 minutes + 30 seconds per move from move one (Round 5 - 8)"]
[WhiteTitle "GM"]
[WhiteFideId "1700090"]
[BlackFideId "1741578"]
[WhiteElo "2454"]
[BlackElo "2001"]

1. e4 e5 2. Nf3 Nc6 3. Nc3 Nf6 4. d4 exd4 5. Nd5 Be7 6. Bc4 d6 7. Nxd4 Ne5 8. Nxf6+ Bxf6 9. Be2 Qe7 10.
O-O Bd7 11. Nf5 Bxf5 12. exf5 O-O-O 13. a4 g6 14. a5 a6 15. Rb1 gxf5 16. b4 Rhg8 17. b5 axb5 18. Rxb5 Ng4 19. a6 Be5 20.
axb7+ Kb8 21. Bxg4 Rxg4 22. Qf3 Rdg8 23. g3 Qd7 24. Qa3 1-0

[Event "Kvibergspelen 2022"]
[Site "Kviberg Park Hotel & Conference, Krutvagen 2, Gothenburg, Sweden"]
[Date "2022.10.01"]
[Round "6.7"]
[White "Persson, Sebastian"]
[Black "Mohammadi, Amir"]
[Result "0-1"]
[TimeControl "15 minutes + 5 seconds per move from move one (Round 1 - 4) / 90 minutes + 30 seconds per move from move one (Round 5 - 8)"]
[WhiteFideId "1764187"]
[BlackFideId "1705890"]
[WhiteElo "1659"]
[BlackElo "2294"]

1. d4 f5 2. c4 Nf6 3. Nc3 e6 4. Nf3 d5 5. Bg5 c6 6. e3 Bd6 7. Ne5 O-O 8. f4 Qe8 9. Bxf6 gxf6 10.
Nf3 Nd7 11. Qd2 a5 12. a4 Bb4 13. Be2 Kh8 14. g3 Nb6 15. c5 Nd7 16. Kf2 b6 17. cxb6 Nxb6 18. h3 Rg8 19. Qc2 Ra7 20.
Rag1 Bd6 21. g4 e5 22. fxe5 fxe5 23. dxe5 Bxe5 24. gxf5 Rf8 25. Bd3 Raf7 26. Rg5 Bf6 27. Rg3 Nd7 28.
Ne2 c5 29. Bb5 Qe7 30. Nf4 Nb6 31. Rc1 c4 32. Rd1 Qc5 33. Nh5 Qd6 34. Nxf6 Qxf6 35. e4 dxe4 36. Qxe4 Bxf5 37. Qd4 Bd3 38.
Qxf6+ Rxf6 39. Re1 Nd5 40. b3 Nc3 41. Re3 Nd1+ 0-1

[Event "Kvibergspelen 2022"]
[Site "Kviberg Park Hotel & Conference, Krutvagen 2, Gothenburg, Sweden"]
[Date "2022.10.01"]
[Round "6.8"]
[White "Olsson, William"]
[Black "Fridgeirsson, Dagur Andri"]
[Result "1-0"]
[TimeControl "15 minutes + 5 seconds per move from move one (Round 1 - 4) / 90 minutes + 30 seconds per move from move one (Round 5 - 8)"]
[WhiteTitle "FM"]
[WhiteFideId "1741721"]
[BlackFideId "2303124"]
[WhiteElo "2288"]
[BlackElo "1943"]

1. c4 e5 2. g3 Nf6 3. Bg2 d5 4. cxd5 Nxd5 5. Nf3 Nc6 6. O-O Be7 7. d4 e4 8. Ne5 f5 9. Nxc6 bxc6 10.
Qa4 Bd7 11. Qc4 Rb8 12. a3 Rb6 13. Nc3 Be6 14. Qa4 O-O 15. Nxd5 Bxd5 16. b4 a5 17. Qxa5 Bc4 18. Bf4 Bd6 19.
Bxd6 Qxd6 20. Qc5 Bxe2 21. Rfc1 g6 22. Ra2 Bd3 23. Bf1 Ra8 24. Bxd3 exd3 25. Rca1 Qd5 26. Qc3 Rd8 27. Qxd3 Qxd4 28.
Qb3+ Qd5 29. Qe3 Qe4 30. Qg5 Rd3 31. Rd2 Rxd2 32. Qxd2 Qd5 33. Qf4 Qd6 34. Qe3 Rb8 35. Re1 Rf8 36.
Qb3+ Qd5 37. Qc3 Qd6 38. Rc1 Ra8 39. Re1 Rf8 40. a4 f4 41. a5 Qd5 42. g4 f3 43. h3 h5 44. Re7 Qd1+ 45.
Kh2 Qd6+ 46. Qe5 Qxe5+ 47. Rxe5 hxg4 48. hxg4 Kf7 49. Rc5 Rb8 50. Rc4 c5 51. bxc5 Ra8 52. Ra4 Ra6 53. Kg3 Ke6 54. Kxf3 Kd5 55. Ke3 Kxc5 56.
f4 Kb5 57. Ra1 c5 58. f5 gxf5 59. gxf5 c4 60. Kd4 Rd6+ 61. Ke5 Ra6 62. f6 c3 63. f7 Ra8 64. Kf6 c2 65. Rc1 Rc8 66.
Kg7 1-0

[Event "Kvibergspelen 2022"]
[Site "Kviberg Park Hotel & Conference, Krutvagen 2, Gothenburg, Sweden"]
[Date "2022.10.01"]
[Round "6.9"]
[White "Bohman Karlholm, Adrian"]
[Black "Hauksson, Hordur Aron"]
[Result "1-0"]
[TimeControl "15 minutes + 5 seconds per move from move one (Round 1 - 4) / 90 minutes + 30 seconds per move from move one (Round 5 - 8)"]
[WhiteFideId "1720643"]
[BlackFideId "2303680"]
[WhiteElo "2117"]
[BlackElo "1882"]

1. d4 Nf6 2. c4 e6 3. Nc3 Bb4 4. Qc2 O-O 5. e4 d5 6. e5 Ne4 7. Bd3 c5 8. Nf3 cxd4 9. Nxd4 dxc4 10.
Bxe4 Qxd4 11. Bf4 h6 12. O-O Bxc3 13. Rad1 Qc5 14. Qxc3 Nd7 15. Qg3 f5 16. exf6 Rxf6 17. Bxb7 Bxb7 18.
Rxd7 Rf7 19. Rfd1 Bd5 20. Rxf7 Kxf7 21. Be5 Rg8 22. h4 g5 23. Bd4 Qe7 24. h5 Rf8 25. Qe5 Ke8 26. b3 cxb3 27.
Rc1 b2 28. Rc8+ Kd7 29. Qc7# 1-0

[Event "Kvibergspelen 2022"]
[Site "Kviberg Park Hotel & Conference, Krutvagen 2, Gothenburg, Sweden"]
[Date "2022.10.01"]
[Round "6.10"]
[White "Berntsson, Jonas"]
[Black "Rasti, Arvin"]
[Result "0-1"]
[TimeControl "15 minutes + 5 seconds per move from move one (Round 1 - 4) / 90 minutes + 30 seconds per move from move one (Round 5 - 8)"]
[WhiteFideId "1729470"]
[BlackFideId "1741160"]
[WhiteElo "1915"]
[BlackElo "2186"]

1. d4 Nf6 2. c4 e6 3. Nf3 d5 4. g3 Bb4+ 5. Bd2 Bd6 6. Bg2 c6 7. Qc2 Nbd7 8. O-O O-O 9. Bf4 Bxf4 10.
gxf4 Ne4 11. Ne5 f5 12. f3 Nd6 13. c5 Ne8 14. e3 Nxe5 15. fxe5 f4 16. e4 dxe4 17. Qxe4 Nc7 18. Nd2 Nb5 19.
Nb3 Bd7 20. Rfd1 Be8 21. Bf1 Bg6 22. Qe1 Nc7 23. Na5 Rb8 24. Nc4 Nd5 25. Rd2 Rf5 26. Kh1 Rg5 27. Qf2 Qe7 28. Bh3 Rf8 29.
Rg1 Rh5 30. Bf1 Qh4 31. Qxh4 Rxh4 32.
Rg5 Ne3 33. Be2 Bh5 34. Rxh5 Rxh5 35. Nd6 b6 36. Bc4 Nxc4 37. Nxc4 Rd8 38. Nd6 bxc5 39. dxc5 Rxe5 40. b4 a5 41.
a3 axb4 42. axb4 Rb8 43. Ra2 h6 44.
Ra4 Re1+ 45. Kg2 Re2+ 46. Kg1 Rb2 47. b5 R8xb5 48. Nxb5 Rxb5 49. Rxf4 Rxc5 50. Kf2 Rf5 51. Rc4 c5 52.
Ke3 Kf7 53. h4 Kf6 54. Rg4 g6 55. Ra4 Re5+ 56. Kd3 Rd5+ 57. Ke3 Rd4 58. Ra5 Rxh4 59. Rxc5 h5 60. Rc8 Ra4 61. Kd4 Ke5+ 62. Ra8+ Rxa8+ 0-1

[Event "Kvibergspelen 2022"]
[Site "Kviberg Park Hotel & Conference, Krutvagen 2, Gothenburg, Sweden"]
[Date "2022.10.01"]
[Round "6.12"]
[White "Lindahl, Jonas"]
[Black "Jakenberg, Jussi"]
[Result "1/2-1/2"]
[TimeControl "15 minutes + 5 seconds per move from move one (Round 1 - 4) / 90 minutes + 30 seconds per move from move one (Round 5 - 8)"]
[WhiteFideId "1710060"]
[BlackFideId "1710931"]
[WhiteElo "2165"]
[BlackElo "2114"]

1. b3 d5 2. Bb2 c5 3. e3 Nf6 4. Bb5+ Nbd7 5. f4 a6 6. Be2 g6 7. Bf3 e6 8. c4 dxc4 9. bxc4 Bg7 10.
Ne2 O-O 11. O-O Rb8 12. a4 b6 13. Nbc3 Bb7 14. Qc2 Bxf3 15. Rxf3 Qc7 16. e4 Ne8 17. h4 Rd8 18. h5 Nb8 19.
e5 Nc6 20. Ne4 Nb4 21. Qb1 Rd7 22. Rh3 Qd8 23. hxg6 hxg6 24. Raa3 f5 25. exf6 Nxf6 26. Bxf6 Bxf6 27. Rag3 Rg7 28.
Rh6 Kf7 29. d4 Bxd4+ 30. Nxd4 Qxd4+ 31. Kh2 Ke7 32. Ng5 Rxf4 33. Rxg6 Rxg6 34. Qxg6 Rh4+ 35. Nh3 Qe5 36. Kh1 Qe1+ 37.
Kh2 Qe5 38. Kh1 Rxc4 39. Qh7+ Kd6 40. Qg8 Rc1+ 41. Kh2 Nc6 42. Qf8+ Kd7 43. Nf4 Ne7 44. Rd3+ Nd5 45. Qf7+ Kc6 46.
Qe8+ Kc7 47. Qf7+ Kc6 48. Qe8+ Kc7 49. Qf7+ 1/2-1/2

[Event "Kvibergspelen 2022"]
[Site "Kviberg Park Hotel & Conference, Krutvagen 2, Gothenburg, Sweden"]
[Date "2022.10.01"]
[Round "6.13"]
[White "Eriksson, Wilmer"]
[Black "Johannsson, Birkir Isak"]
[Result "0-1"]
[TimeControl "15 minutes + 5 seconds per move from move one (Round 1 - 4) / 90 minutes + 30 seconds per move from move one (Round 5 - 8)"]
[WhiteFideId "1768298"]
[BlackFideId "2314673"]
[WhiteElo "1752"]
[BlackElo "2165"]

1. e4 c5 2. Nf3 d6 3. d4 cxd4 4. Nxd4 Nf6 5. Nc3 a6 6. f3 e6 7. Be3 h5 8. Qd2 Be7 9. O-O-O b5 10.
a3 Bb7 11. Kb1 Nbd7 12. Be2 Rc8 13. Rhg1 Qc7 14. h3 h4 15. Bg5 Nf8 16. Bxf6 gxf6 17. f4 Nd7 18. f5 e5 19. Nb3 Nb6 20.
Na5 Ba8 21. Rge1 Qc5 22. Bf3 b4 23. axb4 Qxb4 24. Nd5 Qxd2 25. Rxd2 Bd8 26. Nxb6 Bxb6 27. Nb3 Ke7 28. Red1 Rhd8 29.
c3 a5 30. Na1 Rc4 31. Re1 Rb8 32. Kc1 a4 33. Nc2 Bc5 34. Ne3 Bxe3 35. Rxe3 a3 36. bxa3 Rb3 37. Ra2 Ra4 38. Kc2 Rbxa3 39. Rxa3 Rxa3 40. Kb2 Ra4 41. Kb3 Ra1 42. Re2 Bc6 43. Ra2 Re1 44. Ra7+ Ke8 45. Ra6 Bxe4 46. Bxe4 Rxe4 47. Rxd6 Ke7 48.
Rd2 Rf4 49. c4 Rxf5 50. c5 Rf1 51. Kc4 e4 52. c6 Rc1+ 53. Kd5 f5 54. c7 Rxc7 55. Ke5 Rc5+ 56. Kf4 Ke6 57. Kg5 Ke5 58. Kxh4 f4 59. Rd8 Rc2 60.
Re8+ Kf5 61. g4+ fxg3 62. Kxg3 Rc3+ 63. Kg2 Kf4 64. h4 f5 65. Rg8 Rc2+ 66. Kg1 Kf3 67. h5 e3 68. h6 e2 69.
Re8 Rc1+ 70. Kh2 e1=Q 0-1

[Event "Kvibergspelen 2022"]
[Site "Kviberg Park Hotel & Conference, Krutvagen 2, Gothenburg, Sweden"]
[Date "2022.10.01"]
[Round "6.14"]
[White "Ulff, Johan"]
[Black "Fransson, Lennart"]
[Result "1-0"]
[TimeControl "15 minutes + 5 seconds per move from move one (Round 1 - 4) / 90 minutes + 30 seconds per move from move one (Round 5 - 8)"]
[WhiteFideId "1733893"]
[BlackFideId "1706756"]
[WhiteElo "2132"]
[BlackElo "1921"]

1. d4 Nf6 2. Bf4 g6 3. e3 Bg7 4. Be2 O-O 5. h4 d6 6. h5 Nc6 7. h6 Bh8 8. c3 Rb8 9. Nf3 Qe8 10.
Nbd2 e5 11. dxe5 dxe5 12. Bg3 e4 13. Ng5 Qe7 14. Qa4 Bf5 15. Bh4 Qc5 16. g4 Bxg4 17. Ngxe4 Nxe4 18. Nxe4 Qf5 19. Bxg4 1-0

[Event "Kvibergspelen 2022"]
[Site "Kviberg Park Hotel & Conference, Krutvagen 2, Gothenburg, Sweden"]
[Date "2022.10.01"]
[Round "6.15"]
[White "Strom-Engdahl, Alexander"]
[Black "Cibo, Faris"]
[Result "1-0"]
[TimeControl "15 minutes + 5 seconds per move from move one (Round 1 - 4) / 90 minutes + 30 seconds per move from move one (Round 5 - 8)"]
[WhiteFideId "1741586"]
[BlackFideId "1764268"]
[WhiteElo "2114"]
[BlackElo "1750"]

1. d4 Nf6 2. Bf4 g6 3. Nc3 d5 4. Qd2 Bg7 5. O-O-O Bf5 6. f3 h5 7. h4 c6 8. Nh3 Qa5 9.
Kb1 Nfd7 10. e4 Bxh3 11. Rxh3 e5 12. dxe5 Nxe5 13. exd5 O-O 14. Ne4 Qxd5 15. Qxd5 cxd5 16. Rxd5 Nbc6 17.
Rh1 Rfd8 18. Rxd8+ Rxd8 19. Be2 Rb8 20. Rd1 b5 21. Rd6 a5 22. Rxc6 Nxc6 1-0

[Event "Kvibergspelen 2022"]
[Site "Kviberg Park Hotel & Conference, Krutvagen 2, Gothenburg, Sweden"]
[Date "2022.10.01"]
[Round "6.16"]
[White "Morell, Oscar"]
[Black "Burwick, Malte"]
[Result "0-1"]
[TimeControl "15 minutes + 5 seconds per move from move one (Round 1 - 4) / 90 minutes + 30 seconds per move from move one (Round 5 - 8)"]
[WhiteFideId "1752952"]
[BlackFideId "1702475"]
[WhiteElo "1833"]
[BlackElo "2225"]

1. e4 d5 2. exd5 Qxd5 3. Nc3 Qd6 4. d4 Nf6 5. Be3 a6 6. h3 g6 7. Nf3 b5 8. Bd3 Bb7 9. Qd2 Nbd7 10.
O-O-O Nb6 11. Bf4 Qd8 12. Rhe1 Bg7 13. Ne4 O-O 14. Nxf6+ exf6 15. Be4 Bxe4 16. Rxe4 Qd5 17. Qd3 Qxa2 18.
Qa3 Qxa3 19. bxa3 Nd5 20. Bd2 a5 21. g4 Rfb8 22. Kb2 Bf8 23. Nh4 Nb6 0-1